Map: Oxide LE

Players

DnS - Winner!

  • Race: Protoss Protoss

souL

  • Race: Terran Terran

Event: DreamHack SC2 Masters 2021 Fall

VOD

Have the link to the VOD?

Description

Time

  • Played on: July 31, 2021, 1:09 p.m.
  • Length: 12:43

All games in this series

Show
View Real Time Build Order
Export as new Build Order

DnS Protoss - Winner!

Build Orders: Blink Stalkers, Zealot Archon 

Get SALT Encoding   

  12  0:00  Probe  
  13  0:12  Probe  
  14  0:18  Pylon  
  14  0:24  Probe (Chrono Boost)  
  15  0:37  Gateway, Probe (Chrono Boost)  
  16  0:45  Probe (Chrono Boost)  
  16  0:46  Assimilator  
  17  0:51  Probe  
  18  1:03  Probe  
  19  1:15  Probe  
  20  1:24  Cybernetics Core  
  20  1:27  Probe  
  21  1:36  Pylon  
  21  1:39  Probe  
  22  1:54  Nexus  
  22  1:58  Adept (Chrono Boost)  
  24  2:04  Probe  
  25  2:09  Warp Gate  
  25  2:13  Assimilator  
  24  2:16  Probe  
  25  2:22  Stalker  
  25  2:28  Probe  
  28  2:35  Pylon  
  28  2:41  Probe  
  29  2:53  Probe (Chrono Boost)  
  29  2:55  Twilight Council  
  30  3:05  Probe (Chrono Boost)  
  31  3:06  Stalker  
  31  3:12  Probe (Chrono Boost)  
  35  3:13  Probe (Chrono Boost)  
  35  3:16  Gateway  
  35  3:18  Probe  
  35  3:19  Probe  
  36  3:24  Blink (Chrono Boost)  
  37  3:30  Probe  
  37  3:31  Probe  
  39  3:42  Probe  
  39  3:43  Probe  
  39  3:47  Robotics Facility  
  41  3:54  Probe  
  43  3:55  Probe  
  43  4:02  Nexus  
  43  4:05  Sentry  
  43  4:06  Probe  
  43  4:07  Probe  
  47  4:15  Pylon  
  47  4:18  Phoenix, Stalker  
  47  4:20  Probe x2  
  51  4:31  Pylon, Stalker  
  51  4:32  Probe  
  51  4:37  Probe  
  51  4:38  Assimilator, Observer  
  56  4:41  Assimilator  
  56  4:44  Probe  
  56  4:45  Stalker  
  59  4:49  Probe  
  60  4:55  Stalker  
  60  4:56  Probe  
  63  5:01  Probe  
  65  5:07  Observer, Gateway  
  65  5:08  Gateway  
  65  5:09  Probe (Chrono Boost)  
  65  5:13  Probe (Chrono Boost)  
  67  5:19  Probe (Chrono Boost)  
  69  5:22  Charge  
  69  5:25  Probe (Chrono Boost)  
  69  5:26  Probe (Chrono Boost)  
  71  5:28  Probe (Chrono Boost)  
  71  5:31  Probe (Chrono Boost)  
  71  5:33  Probe x2 (Chrono Boost)  
  71  5:34  Pylon, Templar Archives  
  74  5:40  Probe  
  75  5:44  Probe x2  
  77  5:52  Probe  
  77  5:54  Psionic Storm  
  77  5:56  Observer, Probe  
  77  5:57  Probe  
  80  6:01  Gateway  
  80  6:03  Gateway  
  80  6:04  Probe  
  80  6:05  Gateway  
  80  6:06  Gateway x2  
  80  6:08  Probe, Immortal  
  80  6:09  Gateway, Probe  
  87  6:17  Observer  
  87  6:25  Zealot x3  
  89  6:30  Assimilator x2  
  89  6:31  Pylon x3  
  92  6:33  Shield Battery  
  92  6:42  Probe  
  93  6:49  Probe x2  
  93  6:50  Observer, Immortal  
  93  6:51  High Templar x2  
  93  6:53  High Templar, Zealot  
  107  6:56  Probe  
  107  6:57  Pylon  
  107  6:58  Pylon  
  108  7:02  Forge  
  108  7:03  Forge  
  108  7:07  Pylon  
  108  7:09  Pylon, High Templar, Zealot x2  
  108  7:15  Zealot x3  
  116  7:18  Pylon  
  120  7:34  Pylon  
  120  7:36  Protoss Ground Weapons Level 1 (Chrono Boost), Protoss Ground Armor Level 1 (Chrono Boost)  
  117  7:37  High Templar x2  
  117  7:38  Zealot x3  
  117  7:39  Zealot x4  
  117  7:41  Archon  
  117  7:43  Observer  
  135  7:47  Warp Prism  
  137  8:08  High Templar  
  137  8:09  High Templar, Zealot  
  137  8:10  Zealot x4  
  151  8:18  Photon Cannon  
  149  8:20  Nexus  
  149  8:26  Stalker x3  
  155  8:30  Photon Cannon  
  140  8:40  Probe x2  
  142  8:45  Pylon, Probe  
  143  8:50  Stalker x2  
  143  8:51  Stalker x3  
  143  8:52  Probe x2  
  155  8:57  Photon Cannon  
  143  9:07  Probe  
  143  9:08  Probe  
  145  9:10  Probe  
  146  9:20  Probe x2  
  146  9:23  Zealot  
  150  9:27  Zealot x6  
  158  9:42  Zealot x2  
  158  9:43  Zealot x2  
  166  9:46  Observer  
  131  10:01  Zealot x6  
  119  10:11  Probe x4  
  107  10:23  Probe x3  
  107  10:24  Probe  
  107  10:26  Observer (Chrono Boost)  
  107  10:27  Photon Cannon  
  110  10:34  Observer  
  110  10:35  Probe x2  
  112  10:36  High Templar x10  
  112  10:39  Archon  
  112  10:40  Archon x4  
  132  10:45  Probe x2  
  132  10:50  Probe x2  
  135  10:57  Probe x2  
  135  10:59  Photon Cannon  
  135  11:02  Probe x2  
  131  11:09  Zealot  
  131  11:10  Zealot  
  112  11:32  Probe (Chrono Boost)  
  106  11:33  Probe x2 (Chrono Boost)  
  106  11:38  Probe (Chrono Boost)  
  108  11:42  Probe x3 (Chrono Boost)  
  108  11:44  High Templar x5  
  108  11:45  High Templar  
  108  11:46  Probe (Chrono Boost)  
  124  11:47  Probe (Chrono Boost)  
  124  11:48  Archon x2  
  124  11:49  Zealot  
  124  11:50  Archon  
  127  11:55  Probe  
  127  11:56  Observer, Probe  
  127  11:57  Probe  
  127  11:59  Probe  
  127  12:00  Pylon  
  100  12:12  Archon x2  
  100  12:19  Zealot x2  
  100  12:20  Zealot x6  
  100  12:22  Observer  
  117  12:35  Photon Cannon  
Show
View Real Time Build Order
Export as new Build Order

souL Terran 

Build Orders: Reaper Expand 

Get SALT Encoding   

  12  0:00  SCV  
  13  0:12  SCV  
  14  0:17  Supply Depot  
  14  0:24  SCV  
  15  0:38  SCV  
  15  0:39  Barracks  
  16  0:45  Refinery  
  16  0:50  SCV  
  18  1:04  SCV  
  18  1:10  Engineering Bay  
  18  1:16  SCV  
  19  1:31  Reaper  
  20  1:32  Orbital Command  
  20  1:52  Command Center  
  20  1:58  SCV  
  21  2:05  Marine, Supply Depot  
  22  2:10  SCV  
  23  2:15  Factory  
  23  2:27  Marine, SCV  
  23  2:29  Bunker  
  25  2:39  SCV  
  26  2:51  SCV  
  26  2:59  Command Center  
  26  3:02  Factory Tech Lab  
  26  3:04  Barracks Reactor, SCV  
  27  3:11  Orbital Command  
  27  3:16  SCV  
  28  3:22  Cyclone  
  31  3:28  SCV  
  32  3:38  SCV  
  32  3:40  SCV  
  34  3:41  Marine x2  
  34  3:45  Refinery  
  34  3:48  Barracks  
  36  3:50  SCV  
  36  3:52  SCV  
  38  3:56  Siege Tank  
  38  3:58  Engineering Bay  
  38  3:59  Marine  
  38  4:01  Marine  
  38  4:02  SCV  
  44  4:05  SCV  
  45  4:13  Orbital Command  
  45  4:14  SCV  
  47  4:17  SCV  
  47  4:18  Marine  
  48  4:26  SCV, Missile Turret  
  48  4:29  SCV  
  48  4:30  Siege Tank  
  53  4:34  Marine  
  53  4:36  Barracks Tech Lab, Barracks  
  54  4:38  SCV  
  54  4:39  SCV  
  54  4:41  SCV  
  58  4:48  Refinery  
  58  4:50  SCV  
  58  4:51  SCV  
  60  4:53  SCV  
  60  4:55  Refinery  
  60  4:57  Supply Depot  
  60  4:58  Supply Depot  
  60  4:59  Stimpack  
  60  5:02  SCV  
  60  5:03  SCV  
  61  5:18  Starport  
  61  5:19  Marine x2, SCV x2, Marauder  
  67  5:24  Engineering Bay  
  67  5:25  Supply Depot  
  67  5:27  Supply Depot  
  67  5:29  Barracks Tech Lab  
  67  5:31  SCV x2, Siege Tank  
  72  5:40  Barracks x2  
  72  5:43  SCV x2  
  72  5:45  Marine, Marauder  
  74  5:50  Marine, Marauder  
  74  5:55  SCV, Terran Infantry Weapons Level 1  
  74  5:56  Starport Reactor  
  74  6:01  SCV  
  75  6:05  Orbital Command  
  75  6:07  SCV  
  76  6:11  Marine x2, Factory Reactor  
  76  6:13  Marine, SCV  
  76  6:14  Marauder  
  76  6:18  Combat Shield  
  82  6:19  SCV  
  82  6:25  SCV  
  82  6:29  Marine  
  82  6:31  SCV, Medivac  
  82  6:32  Barracks Reactor  
  86  6:35  SCV  
  86  6:38  SCV  
  88  6:43  Marine, Supply Depot, SCV  
  88  6:45  Supply Depot  
  90  6:47  SCV  
  90  6:49  Widow Mine  
  90  6:52  Armory  
  90  6:54  SCV, Widow Mine  
  96  6:56  SCV  
  96  6:57  Bunker  
  96  6:59  SCV  
  96  7:01  Marine, Marauder  
  101  7:06  SCV  
  101  7:08  SCV  
  103  7:10  Medivac x2  
  103  7:11  SCV, Supply Depot  
  103  7:12  Concussive Shells  
  103  7:13  Supply Depot  
  108  7:18  SCV  
  108  7:20  SCV  
  108  7:21  Widow Mine  
  111  7:23  SCV  
  111  7:24  Widow Mine  
  111  7:26  Marine  
  111  7:27  Marauder  
  117  7:31  Refinery  
  117  7:32  Refinery  
  117  7:33  Marine, SCV x2  
  117  7:35  SCV  
  119  7:40  Medivac x2  
  119  7:41  Marine, Marauder  
  119  7:42  Marauder  
  119  7:43  Widow Mine  
  130  7:45  SCV x2  
  130  7:47  SCV  
  130  7:48  Supply Depot x2  
  133  7:54  Marine, Widow Mine  
  133  8:02  Command Center  
  133  8:04  Marine, SCV, Missile Turret  
  133  8:05  SCV x2, Marauder  
  138  8:07  Marauder  
  138  8:09  Marauder  
  138  8:10  Marine  
  143  8:12  Medivac  
  143  8:18  Supply Depot  
  143  8:19  Supply Depot  
  144  8:26  Marine, Marauder  
  146  8:28  Marauder  
  146  8:30  Medivac  
  146  8:32  Marine  
  146  8:33  Marine  
  151  8:37  Widow Mine  
  151  8:38  Marine, Marauder  
  153  8:43  Supply Depot x2  
  153  8:44  Marine  
  153  8:45  Widow Mine  
  153  8:47  SCV  
  153  8:48  Marauder  
  157  8:49  Marine  
  157  8:50  Marine  
  157  8:51  Marine  
  157  8:52  Medivac  
  160  8:55  Marine  
  160  8:58  Widow Mine  
  160  9:00  Marauder  
  160  9:02  Marine  
  164  9:06  Ghost Academy  
  164  9:07  Marine, Widow Mine  
  164  9:08  Marine x2  
  164  9:09  Marine  
  169  9:13  Marine  
  169  9:15  SCV  
  169  9:16  SCV x2  
  173  9:18  Sensor Tower  
  173  9:20  Widow Mine, Medivac  
  173  9:21  Missile Turret  
  173  9:22  Terran Infantry Armor Level 1  
  173  9:24  Terran Infantry Weapons Level 2  
  178  9:29  Widow Mine  
  181  9:36  Ghost x3  
  182  9:45  Widow Mine  
  178  9:46  Marine x2  
  178  9:49  Marine  
  178  9:50  Marine  
  136  10:04  Marine x2  
  136  10:05  Marine, Ghost x2  
  136  10:06  Marine  
  108  10:07  Marine  
  90  10:22  Marine x2, Widow Mine  
  90  10:23  Marine  
  90  10:24  Marine  
  90  10:25  Marine  
  97  10:33  Marine  
  97  10:34  Marine  
  99  10:40  Marine x2  
  99  10:41  Marine  
  99  10:42  Marine  
  103  10:43  Marine  
  103  10:46  Orbital Command  
  104  10:51  Marine  
  104  10:52  Marauder  
  107  10:58  Marine x3  
  107  11:00  Marine  
  107  11:01  Marine  
  84  11:30  Ghost x2  
  84  11:31  Marine x2  
  77  11:32  Marine  
  77  11:37  Marine  
  77  11:38  Marine  
  76  11:49  Marine x2, Medivac  
  76  11:50  Marine  
  81  11:54  Marine  
  81  11:56  Marauder  
  81  11:59  Marine x2  
  83  12:07  Marine  
  57  12:09  Medivac  
  51  12:16  Marine  
  51  12:17  Marine, Marauder  
  51  12:18  Marauder x2  
  51  12:22  Marine  
  59  12:24  Marine  

Tags
 
Add a new tag
Caveats
  • Supply blocks, unpowered buildings, or Contaminate may cause inaccurate times.
  • Supply counts are checked every 10 seconds.